 Dungeon Crawl Stone Soup version 0.31-a0-986-g5e6e4ef867 (webtiles) character file.

Game seed: 17466195467145025083

17042 wildpjah the Summoner (level 12, -4/81 HPs)
             Began as a Tengu Reaver on Nov 12, 2023.
             Was a Priest of Ashenzari.
             Slain by a meliai
             ... wielding a +0 war axe of venom
              (12 damage)
             ... on level 13 of the Dungeon.
             The game lasted 00:50:19 (11894 turns).

wildpjah the Summoner (Tengu Reaver)               Turns: 11894, Time: 00:50:21

Health: -4/81      AC: 10    Str: 15    XL:     12   Next: 43%
Magic:  15/23      EV: 21    Int: 18    God:    Ashenzari [***...]
Gold:   692        SH:  0    Dex: 15    Spells: 15/25 levels left

rFire   . . .        i - +13 scythe of Curses {drain, curses, Drain, Self, Melee} (curse)
rCold   . . .        (shield currently unavailable)
rNeg    . . .        s - +2 robe of the Hall of Blades {Int+4 Stlth+}
rPois   .            (helmet restricted)
rElec   .            t - +0 cloak
rCorr   .            G - +0 pair of gloves {Stlth+}
SInv    +            (boots unavailable)
Will    .....        (no amulet)
Stlth   +++++        f - ring "Ruined Regret" {AC+4, Dev, Self} (curse)
HPRegen 0.33/turn    n - ring of Ashenzari's Bitterness {Wiz, Comp, Alch} (curse)
MPRegen 0.18/turn

%: acrobat, clarity, wizardry (x1)
@: lethally poisoned (-4 -> -22), flying
A: beak, talons 3, evasive flight, acrobatic
a: Renounce Religion, Curse Item, Shatter the Chains


You were on level 13 of the Dungeon.
You worshipped Ashenzari.
Ashenzari was most pleased with you.
You visited 2 branches of the dungeon, and saw 14 of its levels.
You also visited: Sewer and Bailey.

You collected 834 gold pieces.
You spent 142 gold pieces at shops.

Inventory:

Hand Weapons
 a - a +0 falchion
 i - the cursed +13 scythe of Curses (weapon) {drain, curses, Drain, Self, Melee}
   (You found it on level 2 of the Dungeon)

   Drain:     It drains your maximum health when unequipped.
   It has a curse which improves the following skills: Introspection: Fighting
   and Spellcasting.
   Melee Combat: Short Blades, Long Blades, Axes, Maces & Flails, Polearms,
   Staves and Unarmed Combat.
 u - a +2 long sword of holy wrath
Armour
 b - a +0 leather armour
 s - the +2 robe of the Hall of Blades (worn) {Int+4 Stlth+}
   (You bought it in a shop on level 1 of the Dungeon)

   Int+4:     It affects your intelligence (+4).
   Stlth+:    It makes you more stealthy.
 t - a +0 cloak (worn)
 F - a +1 robe of resistance
 G - a +0 pair of gloves of stealth (worn)
 O - +0 steam dragon scales
Jewellery
 f - the cursed ring "Ruined Regret" (left hand) {AC+4, Dev, Self}
   (You found it on level 1 of the Dungeon)

   [ring of protection]

   AC+4:      It affects your AC (+4).
   It has a curse which improves the following skills: Devices: Evocations and
   Shapeshifting.
   Introspection: Fighting and Spellcasting.
 j - a ring of protection from fire
 n - the cursed ring of Ashenzari's Bitterness (right hand) {Wiz, Comp, Alch}
   (You found it on level 2 of the Dungeon)

   [ring of wizardry]

   Wiz:       It improves your spell success rate.
   It has a curse which improves the following skills: Companions: Summonings
   and Necromancy.
   Alchemy:   Poison Magic and Transmutations.
 C - a ring of fire
 L - a ring of magical power
 N - a ring of willpower
 Q - a ring of ice
Wands
 k - a wand of polymorph (15)
 E - a wand of paralysis (15)
 H - a wand of acid (5)
 K - a wand of iceblast (10) (quivered)
 P - a wand of flame (12)
Scrolls
 c - a scroll of silence
 e - 3 scrolls of vulnerability
 g - 2 scrolls of blinking
 m - 2 scrolls of enchant weapon
 p - 7 scrolls of fog
 q - 10 scrolls of identify
 r - 6 scrolls of fear
 w - a scroll of enchant armour
 y - 5 scrolls of teleportation
 D - a scroll of brand weapon
 I - 3 scrolls of amnesia
 M - a scroll of poison
 R - a scroll of revelation
Potions
 d - 8 potions of curing
 h - 4 potions of mutation
 l - 2 potions of haste
 o - a potion of lignification
 v - a potion of ambrosia
 x - a potion of invisibility
 z - 3 potions of heal wounds
 A - 4 potions of cancellation
 B - 4 potions of brilliance
 J - a potion of berserk rage


   Skills:
 + Level 10.0(12.2) Fighting
 - Level 3.9(5.3) Long Blades
 + Level 8.8(10.3) Polearms
 + Level 1.0 Armour
 + Level 10.0 Dodging
 + Level 6.2 Stealth
 + Level 5.0(7.2) Spellcasting
 + Level 5.0 Conjurations
 * Level 10.8(12.2) Summonings
 + Level 3.5(4.9) Evocations


You had 15 spell levels left.
You knew the following spells:

 Your Spells              Type           Power      Damage    Failure   Level
a - Kiss of Death         Conj/Necr      60%        2d10      1%          1
b - Momentum Strike       Conj/Tloc      30%        3d8       2%          2
c - Summon Hydra          Summ           25%        N/A       24%         7

Your spell library contained the following spells:

 Spells                   Type           Power      Damage    Failure   Level
 Hailstorm                Conj/Ice       15%        3d5       4%          3
 Blink                    Tloc           12%        N/A       6%          2
 Cigotuvi's Dreadful Rot  Necr/Pois/Air  12%        N/A       6%          2
 Lesser Beckoning         Tloc           12%        N/A       6%          2
 Sublimation of Blood     Necr           7%         N/A       6%          2
 Wereblood                Tmut           7%         N/A       6%          2
 Ignite Poison            Fire/Tmut/Pois 6%         N/A       12%         3
 Tukima's Dance           Hex            6%         N/A       13%         3
 Manifold Assault         Tloc           6%         N/A       38%         4
 Passage of Golubria      Tloc           6%         N/A       38%         4
 Freezing Cloud           Conj/Ice/Air   6%         6-21      50%         5
 Yara's Violent Unravell  Hex/Tmut       3%         3d4       71%         5


Dungeon Overview and Level Annotations

Branches:
Dungeon (13/15)            Temple (1/1) D:6            Lair (0/5) D:9
    Orc (0/2) D:11          Sewer (visited)          Bailey (visited)
 Vaults: D:13-14

Altars:
Ashenzari
Cheibriados
Dithmenos
Elyvilon
Fedhas
Gozag
Hepliaklqana
Kikubaaqudgha
Makhleb
Nemelex Xobeh
Okawaru
Qazlal
Ru
Sif Muna
Trog
Uskayaw
Vehumet
Wu Jian
Xom
Yredelemnul
Zin
The Shining One

Shops:
D:1 *   D:11 (


Innate Abilities, Weirdness & Mutations

You have a beak for a mouth.
You have claws for feet.
Your magical flight helps you evade attacks. (EV +4)
You can magically evade attacks while moving or waiting.


Message History

Confirm with . or Enter, or press ? or * to list all spells.
A four-headed hydra appears.
* * * LOW HITPOINT WARNING * * *
You feel very sick. The meliai misses you.
The meliai hits your four-headed hydra with a +0 hand axe.
The meliai lops one of your four-headed hydra's heads off!
Your three-headed hydra grows two more!
The meliai stings you.
* * * LOW HITPOINT WARNING * * *
The meliai misses you.
The meliai hits your five-headed hydra with a +0 war axe of venom.
The meliai slices one of your five-headed hydra's heads off!
Your four-headed hydra grows two more!
The meliai completely misses you. The meliai closely misses you.
The meliai misses you. x4
The meliai hits your six-headed hydra with a +0 war axe of venom.
Your six-headed hydra is poisoned.
The meliai barely misses you. The meliai hits you but does no damage.
The meliai hits your six-headed hydra with a +0 hand axe!
The meliai stings you but does no damage.
You feel much better.
* * * LOW HITPOINT WARNING * * *
You feel very sick. The meliai hits you but does no damage.
The meliai hits your six-headed hydra with a +0 hand axe!
The meliai stings you.
* * * LOW HITPOINT WARNING * * *
The meliai invokes the aid of its god against you.
Something smites you!
* * * LOW HITPOINT WARNING * * *
The meliai closely misses you. The meliai misses you.
Your six-headed hydra misses the meliai.
Your six-headed hydra bites the meliai!
Your six-headed hydra bites the meliai.
Your six-headed hydra bites the meliai!
The meliai dies!
Your six-headed hydra bites the meliai.
Your six-headed hydra misses the meliai.
The meliai hits you with a +0 war axe of venom!
You die...

#### ...#
#.^# #..###
#.<.#
##..##
#...#
#.#.....#
#@#####.#
#..)yy..#
#....D.##.#
#.#..#.. #
.. #..#..
#..##$. #.
.. #. #.#


You could see 2 meliai and a friendly six-headed hydra (summoned, very
poisoned).

Vanquished Creatures
  A nameless horror (D:12)
  2 two-headed ogres (D:11)
  An orc knight (Bailey)
  An ugly thing (D:12)
  A manticore (D:11)
  A cyclops (D:12)
  A gargoyle (D:10)
  2 unseen horrors
  7 kobold demonologists
  A komodo dragon (D:10)
  3 trolls
  A hornet (D:10)
  2 vampires
  A wyvern (D:9)
  11 yaks
  A steam dragon (D:10)
  3 vampire mosquitoes (D:12)
  Menkaure (D:4)
  An acid dragon (D:11)
  2 water moccasins (D:9)
  11 orc warriors
  A sky beast (D:8)
  3 ice beasts
  5 black bears
  3 ogres
  8 centaurs
  A phantom (D:7)
  11 kobold brigands
  5 bullfrogs
  2 gnoll sergeants
  4 scorpions
  4 wights (D:8)
  9 killer bees
  3 electric eels (Bailey)
  6 howler monkeys
  A crimson imp (D:8)
  6 hounds
  A jelly (D:6)
  3 orc priests
  4 iguanas
  Natasha (D:2)
  7 orc wizards
  Robin (D:2)
  17 gnolls
  14 adders
  4 river rats (Sewer)
  2 white imps
  2 worms
  3 dart slugs
  27 orcs
  7 ball pythons
  4 endoplasms
  A giant cockroach (D:3)
  27 goblins
  11 hobgoblins
  3 jackals (D:2)
  27 kobolds
  6 quokkas
  7 bats
  7 frilled lizards
  9 rats
322 creatures vanquished.

Vanquished Creatures (collateral kills)
  A boulder beetle (D:12)
  An ugly thing (D:12)
  A meliai (D:13)
  A troll (D:12)
  An orc priest (D:11)
  An orc wizard (D:11)
  11 orcs (D:11)
17 creatures vanquished.

Grand Total: 339 creatures vanquished

Notes
Turn   | Place    | Note
-------+----------+-------------------------------------------
     0 | D:1      | wildpjah the Tengu Reaver began the quest for the Orb.
     0 | D:1      | Reached XP level 1. HP: 12/12 MP: 4/4
   191 | D:1      | Found Wuip's Assorted Antiques.
   196 | D:1      | Reached XP level 2. HP: 11/14 MP: 4/6
   633 | D:1      | Found a faded altar of an unknown god.
   720 | D:1      | Reached XP level 3. HP: 21/21 MP: 7/7
  1078 | D:2      | Found the +13 scythe of Curses {drain, curses, Drain}
  1243 | D:2      | Reached XP level 4. HP: 26/26 MP: 8/8
  1291 | D:2      | Noticed Robin
  1298 | D:2      | Reached skill level 1 in Polearms
  1302 | D:2      | Reached skill level 1 in Summonings
  1305 | D:2      | Killed Robin
  1540 | D:2      | Reached XP level 5. HP: 22/30 MP: 9/9
  1603 | D:2      | Noticed Natasha
  1606 | D:2      | Killed Natasha
  1973 | D:1      | Bought a brightly glowing robe for 142 gold pieces
  1973 | D:1      | Identified the +2 robe of the Hall of Blades {Int+4 Stlth+}
                  | (You bought it in a shop on level 1 of the Dungeon)
  2181 | D:3      | Found a broken altar of Ashenzari.
  2281 | D:3      | Became a worshipper of Ashenzari the Shackled
  2387 | D:3      | Reached XP level 6. HP: 35/35 MP: 10/10
  2413 | D:3      | Reached skill level 1 in Armour
  2820 | D:3      | Learned a level 2 spell: Momentum Strike
  3112 | D:4      | Reached skill level 5 in Conjurations
  3412 | D:4      | Noticed Menkaure
  3417 | D:4      | Killed Menkaure
  3418 | D:4      | Reached skill level 1 in Stealth
  3420 | D:4      | Gained mutation: Your magical flight helps you evade
                  | attacks. (EV +4) [Tengu growth]
  3420 | D:4      | Reached XP level 7. HP: 22/40 MP: 8/11
  3596 | D:4      | Reached * piety under Ashenzari
  3596 | D:4      | Reached ** piety under Ashenzari
  3621 | D:4      | Reached skill level 5 in Polearms
  3752 | D:4      | Learned a level 7 spell: Summon Hydra
  4066 | D:5      | Entered Level 5 of the Dungeon
  4131 | D:5      | Found a glowing drain.
  4140 | Sewer    | Entered a sewer
  4239 | Sewer    | Reached XP level 8. HP: 48/48 MP: 14/14
  4642 | D:5      | Found an ornate altar of the Wu Jian Council.
  4663 | D:5      | Found a shadowy altar of Dithmenos.
  4665 | D:5      | Found a bloodstained altar of Trog.
  4825 | D:6      | Reached skill level 5 in Stealth
  4938 | D:6      | Reached XP level 9. HP: 54/54 MP: 12/15
  4941 | D:6      | Reached skill level 5 in Summonings
  4956 | D:6      | Found a staircase to the Ecumenical Temple.
  5006 | D:6      | Found a sparkling altar of Nemelex Xobeh.
  5269 | Temple   | Entered the Ecumenical Temple
  5328 | D:7      | Found a hide-covered altar of Uskayaw.
  5413 | D:7      | Reached *** piety under Ashenzari
  5984 | D:7      | Found a glowing silver altar of Zin.
  5984 | D:7      | Noticed an angel
  6999 | D:8      | Reached skill level 5 in Fighting
  7006 | D:8      | Reached XP level 10. HP: 57/62 MP: 14/17
  7247 | D:8      | Found a burning altar of Makhleb.
  7251 | D:8      | Reached skill level 5 in Dodging
  7786 | D:9      | Reached skill level 1 in Evocations
  7949 | D:9      | Found a staircase to the Lair.
  8390 | D:10     | Entered Level 10 of the Dungeon
  8452 | D:10     | Found a flagged portal.
  8459 | Bailey   | Entered a bailey
  8551 | Bailey   | Noticed a kobold demonologist
  8566 | Bailey   | Killed a kobold demonologist
  8567 | Bailey   | Reached XP level 11. HP: 70/71 MP: 17/20
  8585 | Bailey   | Found an iron altar of Okawaru.
  8987 | Bailey   | Noticed an orc knight
  8995 | Bailey   | Killed an orc knight
  9137 | Bailey   | Identified a scroll of acquirement
 10186 | D:11     | Noticed a manticore
 10193 | D:11     | Killed a manticore
 10311 | D:11     | Found Dapatoh's Weapon Emporium.
 10406 | D:11     | Noticed a two-headed ogre
 10410 | D:11     | Killed a two-headed ogre
 10470 | D:11     | Reached XP level 12. HP: 72/80 MP: 13/22
 10471 | D:11     | Reached skill level 10 in Summonings
 10700 | D:11     | Found a staircase to the Orcish Mines.
 10884 | D:11     | Noticed a two-headed ogre
 10892 | D:11     | Killed a two-headed ogre
 11339 | D:12     | Noticed a nameless horror
 11344 | D:12     | Killed a nameless horror
 11555 | D:12     | Reached skill level 10 in Fighting
 11619 | D:12     | Noticed a boulder beetle
 11625 | D:12     | Killed a boulder beetle
 11626 | D:12     | Reached skill level 10 in Dodging
 11626 | D:12     | Reached skill level 5 in Spellcasting
 11879 | IceCv    | Identified the "Zuclaetz"
 11879 | IceCv    | Identified the of Vixozogga
 11880 | D:13     | Acquired a +0 pair of gloves of stealth
 11893 | D:13     | HP: 4/81 [meliai/+0 hand axe (3)]
 11894 | D:13     | Slain by a meliai

Illustrated notes

Levels and vault maps discovered:
D:1:      onia_arrival_mini_spirals, layout_loops_corners, serial_shops,
          nicolae_shop_overgrown_old_shop, nicolae_ecumenical_lake_church
D:2:      layout_loops_ring, minmay_quadrilaterals, uniq_robin, uniq_natasha
D:3:      layout_basic, ashenzari_conservatory_becter, roderic_lattice_a
D:4:      layout_loops_corners, uniq_menkaure
D:5:      layout_cave_pools, grunt_temple_overflow_open, portal_sewer_entry_d
D:6:      layout_cave_pools, nemelex_diamond_rough_becter,
          minmay_temple_entry_statues_pillars, serial_column_ruins,
          column_ruins_corridor_straight, column_ruins_columns_corner,
          column_ruins_grid_1, column_ruins_open_tiny
D:7:      layout_cave_pools, zin_angel, nicolae_uskayaw_murder_on_the_dancefloor
D:8:      layout_layer_cave, makhleb_grotto_becter
D:9:      layout_roguey, due_lair_maze_entry_diamond
D:10:     layout_long_grid, enter_bailey_3, feat_on_display
D:11:     layout_irregular_city, hiddenorc1_lemuel, serial_shops, shop_fountains
D:12:     layout_roguey, fungi_pond_lemuel, abandoned_shop
D:13:     layout_basic, hellmonk_vaults_attempted_burglary,
          portal_ice_cave_entry_ice_simulacra, nrook_campfire
Temple:   nicolae_temple_superstar

Skill      XL: |  1  2  3  4  5  6  7  8  9 10 11 12 |
---------------+-------------------------------------+-----
Polearms       | 2 3 4 5 7 8 |  8.8
Summonings     | 1 2 3 4 7 8 9 10 | 10.8
Dodging        | 3 4 7 9 10 | 10.0
Armour         | 1 |  1.0
Conjurations   | 5 |  5.0
Stealth        | 2 3 5 6 |  6.2
Fighting       | 3 5 7 9 10 | 10.0
Spellcasting   | 3 4 5 |  5.0
Evocations     | 2 3 |  3.5
Long Blades    | |  3.9

Action                     |  1- 3 |  4- 6 |  7- 9 | 10-12 || total
---------------------------+-------+-------+-------+-------++-------
  Melee: Falchion          |    61 |       |       |       ||    61
         Kick              |    14 |     5 |    18 |    38 ||    75
         Peck              |     6 |     4 |     9 |    18 ||    37
         Scythe            |    11 |    86 |   152 |   245 ||   494
   Cast: Kiss of Death     |     2 |       |     2 |     4 ||     8
         Momentum Strike   |       |     3 |     9 |    14 ||    26
         Summon Hydra      |       |       |       |     8 ||     8
 Invoke: Curse Item        |       |     1 |     2 |       ||     3
  Evoke: Wand              |       |       |     2 |    19 ||    21
    Use: Scroll            |       |       |     1 |     2 ||     3
         Potion            |       |       |       |     2 ||     2
   Stab: Sleeping          |     1 |     5 |    17 |    22 ||    45
         Distracted        |       |     1 |     2 |     2 ||     5
         Paralysed         |       |       |       |     2 ||     2
 Armour: Leather armour    |    24 |    47 |       |       ||    71
         Robe              |       |     6 |    67 |   132 ||   205
  Dodge: Dodged            |    41 |    59 |   168 |   269 ||   537

Table legend: (Time is in decaauts)
 A = Elapsed time spent in this place.
 B = Non-inter-level travel time spent in this place.
 C = Inter-level travel time spent in this place.
 D = Time resting spent in this place.
 E = Time spent auto-exploring this place.
 F = Levels seen in this place.
 G = Mean time per level.
                   A        B        C        D        E       F      G
               +--------+--------+--------+--------+--------+-----+--------+
         Total |  12181 |  11589 |    592 |    213 |   9325 |  16 |  761.3 |
       Dungeon |  11166 |  10574 |    592 |    213 |   8634 |  13 |  858.9 |
        Temple |      1 |      1 |      0 |      0 |      0 |   1 |    1.0 |
         Sewer |    276 |    276 |      0 |      0 |    161 |   1 |  276.0 |
        Bailey |    737 |    737 |      0 |      0 |    530 |   1 |  737.0 |
               +--------+--------+--------+--------+--------+-----+--------+

Top non-repeatable levels by time:
     D:8: 1532 daAuts
     D:3: 1119 daAuts
     D:1: 1064 daAuts
    D:10: 1040 daAuts
     D:4: 1002 daAuts
     D:2: 987 daAuts
    D:11: 928 daAuts
     D:7: 873 daAuts
    D:12: 869 daAuts
     D:9: 740 daAuts
  Bailey: 737 daAuts
     D:5: 504 daAuts
     D:6: 487 daAuts
   Sewer: 276 daAuts
    D:13: 15 daAuts
